 Dungeon Crawl Stone Soup version 0.31-a0-489-g282fc92437 (webtiles) character file.

Game seed: 16897943920852577331

21 Ethylacetat the Trooper (level 2, -4/16 HPs)
             Began as a Vine Stalker Monk on Aug 8, 2023.
             Slain by Terence
             ... wielding a +0 hand axe
              (7 damage)
             ... on level 2 of the Dungeon.
             The game lasted 00:02:40 (1029 turns).

Ethylacetat the Trooper (Vine Stalker Monk)         Turns: 1029, Time: 00:02:41

Health: -4/16      AC:  2    Str: 13    XL:     2   Next: 83%
Magic:  0/3        EV: 13    Int: 10    God:
Gold:   83         SH:  0    Dex: 16    Spells: 1/1 levels left

rFire   . . .        a - +0 hand axe
rCold   . . .        d - orb {light}
rNeg    . . .        b - +0 robe
rPois   .            (no helmet)
rElec   .            (no cloak)
rCorr   .            (no gloves)
SInv    .            (no boots)
Will    .....        (no amulet)
Stlth   +            (no ring)
HPRegen 0.22/turn    (no ring)
MPRegen 0.08/turn

%: guardian spirit
@: glowing
A: fangs 2, magic shield, antimagic bite, no potion heal 2
a: no special abilities


You were on level 2 of the Dungeon.
You visited 1 branch of the dungeon, and saw 2 of its levels.

You collected 83 gold pieces.

Inventory:

Hand Weapons
 a - a +0 hand axe (weapon)
Armour
 b - a +0 robe (worn)
 d - an orb of light (worn)
Jewellery
 g - a ring of wizardry
Scrolls
 e - a scroll of enchant weapon {unknown}
 h - a scroll of torment {unknown}
 i - 2 scrolls of identify {unknown}
 j - a scroll of revelation {unknown}
 k - 2 scrolls of summoning {unknown}
Potions
 c - a potion of ambrosia
 f - a potion of might {unknown}


   Skills:
 + Level 3.0 Fighting
 + Level 3.0 Axes
 + Level 2.7 Dodging


You had one spell level left.
You didn't know any spells.
Your spell library was empty.

Dungeon Overview and Level Annotations

Branches:
Dungeon (2/15)

Altars:

Annotations:
D:2 Terence


Innate Abilities, Weirdness & Mutations

You have extremely sharp teeth.
When hurt, damage is shared between your health and your magic reserves.
Your bite disrupts and absorbs the magic of your enemies.
Potions cannot restore your health.


Message History

You see here a frilled lizard corpse.
You hit Terence. You bite Terence. You drain his power.
Terence is lightly wounded.
Terence barely misses you.
You hit Terence but do no damage.
Terence is lightly wounded.
Terence hits you with a +0 hand axe!
You hit Terence but do no damage. You bite Terence, but do no damage.
Terence is lightly wounded.
Terence hits you with a +0 hand axe. Terence misses you.
You are too injured to fight recklessly!
You are too injured to fight recklessly!
You are too injured to fight recklessly!
You hit Terence but do no damage. You bite Terence, but do no damage.
Terence is lightly wounded.
Terence closely misses you.
You hit Terence.
Terence is heavily wounded.
Terence barely misses you.
You hit Terence. You bite Terence, but do no damage.
Terence is heavily wounded.
Terence hits you with a +0 hand axe.
You barely miss Terence.
Terence is heavily wounded.
Terence barely misses you.
You hit Terence but do no damage.
Terence is heavily wounded.
Terence hits you with a +0 hand axe.
* * * LOW HITPOINT WARNING * * *
You hit Terence but do no damage.
Terence is heavily wounded.
Terence hits you with a +0 hand axe.
* * * LOW HITPOINT WARNING * * *
You hit Terence but do no damage.
Terence is heavily wounded.
Terence barely misses you. Terence closely misses you.
You hit Terence but do no damage. You bite Terence, but do no damage.
Terence is heavily wounded.
Terence hits you with a +0 hand axe!
You die...

#.##.# #.##.# #.##.#
#.##.# #########.##.#
...........#.#
#########).#.###
...............####.##
..##.####..###..@@...#
####.# #..# #.####♣.♣
# #.# ##.# #.# # #.#
#.. ..# # #.# #......
♣ #.# #.....# # #.#
##...## ♣# #.# ##.#
...


You could see Terence.

Vanquished Creatures
  4 ball pythons (D:1)
  3 bats (D:1)
  An endoplasm (D:2)
  A giant cockroach (D:1)
  2 goblins (D:1)
  A hobgoblin (D:1)
  A quokka (D:1)
  2 frilled lizards
  A kobold (D:2)
  3 rats (D:1)
19 creatures vanquished.

Notes
Turn   | Place    | Note
-------+----------+-------------------------------------------
     0 | D:1      | Ethylacetat the Vine Stalker Monk began the quest for the
                  | Orb.
     0 | D:1      | Reached XP level 1. HP: 11/11 MP: 2/2
   116 | D:1      | Reached XP level 2. HP: 16/16 MP: 3/3
  1014 | D:2      | Noticed Terence
  1029 | D:2      | Slain by Terence

Illustrated notes

Levels and vault maps discovered:
D:1:      sevenhm_arrival_forest_fort_large_1, layout_basic,
          minmay_misc_feat_iff
D:2:      layout_loops_ring, serial_forest, infiniplex_forest_lined_ring,
          infiniplex_forest_zigzag_2, infiniplex_forest_corner_1,
          infiniplex_forest_straight_4, infiniplex_forest_straight_3,
          infiniplex_forest_straight_2, infiniplex_forest_corner_2,
          infiniplex_forest_end_1, infiniplex_forest_lined_3, serial_shops,
          shop, uniq_jessica, uniq_terence, uniq_natasha

Skill      XL: |  1  2 |
---------------+-------+-----
Fighting       | 3 |  3.0
Axes           | 3 |  3.0
Dodging        | |  2.7

Action                     || total
---------------------------++-------
  Melee: Hand axe          ||    42
         Bite              ||    11
 Armour: Robe              ||    11
  Dodge: Dodged            ||    23

Table legend: (Time is in decaauts)
 A = Elapsed time spent in this place.
 B = Non-inter-level travel time spent in this place.
 C = Inter-level travel time spent in this place.
 D = Time resting spent in this place.
 E = Time spent auto-exploring this place.
 F = Levels seen in this place.
 G = Mean time per level.
                   A        B        C        D        E       F      G
               +--------+--------+--------+--------+--------+-----+--------+
         Total |   1040 |    979 |     61 |      0 |    866 |   2 |  520.0 |
       Dungeon |   1040 |    979 |     61 |      0 |    866 |   2 |  520.0 |
               +--------+--------+--------+--------+--------+-----+--------+

Top non-repeatable levels by time:
     D:1: 974 daAuts
     D:2: 66 daAuts
